 Dungeon Crawl Stone Soup version 0.31.0-11-ge490571c62 (webtiles) character file.

Game seed: 8473306073239555185

158 Jase the Ruffian (level 5, -5/45 HPs)
             Began as a Draconian Shapeshifter on Feb 1, 2024.
             Slain by an orc priest
             ... wielding a +0 hand axe
              (6 damage)
             ... on level 4 of the Dungeon.
             The game lasted 00:04:43 (2536 turns).

Jase the Ruffian (Draconian Shapeshifter)           Turns: 2536, Time: 00:04:46

Health: -5/45      AC:  5    Str: 13 (16) XL:     5   Next: 16%
Magic:  5/5        EV: 12    Int:  9 (10) God:
Gold:   209        SH:  0    Dex: 11 (13) Spells: 4/4 levels left

rFire   . .          .
                       - Unarmed
rCold   . . .        (no shield)
rNeg    . . .        (body armour unavailable)
rPois   .            (helmet currently unavailable)
rElec   .            (cloak currently unavailable)
rCorr   .            (gloves currently unavailable)
SInv    .            (boots currently unavailable)
Will    +....        (no amulet)
Stlth   +            (no ring)
HPRegen 0.27/turn    (no ring)
MPRegen 0.09/turn

%: no passive effects
@: mighty, brilliant, beast-form, enlightened, flying
A: beast (slay +2), AC +5, unfitting armour, cold-blooded
a: Begin Untransformation


You were on level 4 of the Dungeon.
You were a hulking beast.
You visited 1 branch of the dungeon, and saw 4 of its levels.

You collected 209 gold pieces.

Inventory:

Missiles
 m - 6 poisoned darts (quivered)
 n - 4 datura-tipped darts
Talismans
 b - a beast talisman
 c - a flux talisman
Scrolls
 e - 2 scrolls of identify {unknown}
 g - 2 scrolls of fear {unknown}
 h - 3 scrolls of teleportation {unknown}
 j - a scroll of poison {unknown}
 k - a scroll of blinking {unknown}
Potions
 a - 2 potions of lignification


   Skills:
 + Level 3.3 Fighting
 - Level 1.7 Dodging
 + Level 4.1 Unarmed Combat
 + Level 4.0 Shapeshifting


You had 4 spell levels left.
You didn't know any spells.
Your spell library contained the following spells:

 Spells                   Type           Power      Damage    Failure   Level
 Jinxbite                 Hex            0%         N/A       52%         2
 Yara's Violent Unravell  Hex/Alch       0%         3d3       100%        5
 Enfeeble                 Hex            0%         N/A       100%        7


Dungeon Overview and Level Annotations

Branches:
Dungeon (4/15)
 Temple: D:4-7

Altars:
Ru

Annotations:
D:3 2 transporters, DaftaChap's ghost, amateur VSFi


Innate Abilities, Weirdness & Mutations

You are a hulking beast.
Your limbs bulge with bestial killing power. (Slay +2)
Your plain brown scales are hard. (AC +5)
You cannot fit into any form of body armour.
You are cold-blooded and may be slowed by cold attacks.


Message History

It was a potion of degeneration.
There was something very wrong with that liquid.
You feel weakened.
You feel dopey.
You feel clumsy.
You feel sick. The orc priest barely misses you.
You hit the orc priest.
The orc priest is heavily wounded.
You feel sick.
The orc priest hits you with a +0 hand axe.
You hit the orc priest but do no damage.
The orc priest is heavily wounded.
You feel sick.
The orc priest hits you with a +0 hand axe.
* * * LOW HITPOINT WARNING * * *
You hit the orc priest but do no damage.
The orc priest is heavily wounded.
You feel sick.
The orc priest hits you but does no damage.
You hit the orc priest but do no damage.
The orc priest is heavily wounded.
You feel sick.
The orc priest hits you with a +0 hand axe.
* * * LOW HITPOINT WARNING * * *
The orc wizard gestures wildly while chanting.
The orc wizard flickers and vanishes!
Deactivating autopickup; reactivate with Ctrl-A.
It was a potion of enlightenment.
You feel very buoyant.
You fly up into the air.
You feel sick. The orc priest misses you.
It was a potion of brilliance.
You feel clever all of a sudden.
You feel sick.
The orc priest hits you with a +0 hand axe.
* * * LOW HITPOINT WARNING * * *
It was a potion of might.
You feel very mighty all of a sudden.
* * * LOW HITPOINT WARNING * * *
You feel sick.
You are no longer poisoned.
The orc priest hits you with a +0 hand axe.
You die...

....#### .......#
....##.# ....##.#
.....#.# ####.#.#
#.#.# #.#.#
############...
#.#.###..=...ho{.....
#..........##########
###.....)..#
######...# #####


You could see an orc priest.

Vanquished Creatures
  An iguana (D:3)
  7 adders
  A ribbon worm (D:3)
  A dart slug (D:1)
  4 orcs
  6 ball pythons
  3 bats
  5 endoplasms
  4 giant cockroaches
  7 goblins
  2 hobgoblins
  5 jackals
  5 kobolds
  2 frilled lizards
  12 rats
65 creatures vanquished.

Vanquished Creatures (others)
  A goblin (D:4)
1 creature vanquished.

Grand Total: 66 creatures vanquished

Notes
Turn   | Place    | Note
-------+----------+-------------------------------------------
     0 | D:1      | Jase the Draconian Shapeshifter began the quest for the
                  | Orb.
     0 | D:1      | Reached XP level 1. HP: 16/16 MP: 1/1
   153 | D:1      | Reached XP level 2. HP: 15/23 MP: 2/2
   275 | D:1      | Found a faded altar of an unknown god.
   844 | D:2      | Reached XP level 3. HP: 28/29 MP: 3/3
  1293 | D:2      | Reached XP level 4. HP: 22/37 MP: 4/4
  1717 | D:3      | Found a transporter.
  1717 | D:3      | Noticed DaftaChap's ghost (amateur VSFi)
  1736 | D:3      | Found a sacrificial altar of Ru.
  2010 | D:3      | Reached XP level 5. HP: 32/45 MP: 5/5
  2089 | D:3      | Found a transporter.
  2535 | D:4      | HP: 2/45 [orc priest/+0 hand axe (1)]
  2536 | D:4      | Slain by an orc priest

Illustrated notes

Levels and vault maps discovered:
D:1:      giann_forest_graveyard, layout_basic, ebering_ecumenical_altar_box,
          st_stairs_13, minmay_quantized
D:2:      layout_basic, kennysheep_crisscross, minmay_rat_gold_closets
D:3:      layout_basic, nicolae_ru_great_annihilating_truth,
          gammafunk_ghost_mausoleum, kennysheep_another_room
D:4:      corexii_shack_village, layout_loops_ring, fiery_altar_vehumet,
          mainiacjoe_overflow_alcove_4, minmay_checkerbox

Skill      XL: |  1  2  3  4  5 |
---------------+----------------+-----
Fighting       | 2 3 |  3.3
Unarmed Combat | 4 |  4.1
Shapeshifting  | 4 |  4.0
Dodging        | |  1.7

Action                     |  1- 3 |  4- 6 || total
---------------------------+-------+-------++-------
  Melee: Unarmed           |    90 |    73 ||   163
         Tailslap          |    11 |     8 ||    19
         Punch             |     4 |     2 ||     6
    Use: Potion            |       |     4 ||     4
   Stab: Distracted        |     1 |       ||     1
         Paralysed         |       |     3 ||     3
         Sleeping          |       |     2 ||     2
         Invisible         |       |     1 ||     1
 Armour: Skin              |    55 |    30 ||    85
  Dodge: Dodged            |    61 |    42 ||   103
